 Dungeon Crawl Stone Soup version 0.25.1-2-g60ff931df9 (webtiles) character file.

Game seed: 14480458931118273412

4314 Impeuri the Skirmisher (level 10, -1/79 HPs)
             Began as a Demonspawn Artificer on Aug 24, 2020.
             Was a Believer of Kikubaaqudgha.
             Slain by a yak (15 damage)
             ... on level 9 of the Dungeon.
             The game lasted 00:24:22 (8615 turns).

Impeuri the Skirmisher (Demonspawn Artificer)       Turns: 8615, Time: 00:24:23

Health: -1/79      AC:  8    Str: 15    XL:     10   Next: 11%
Magic:  0/17       EV: 15    Int: 15    God:    Kikubaaqudgha [**....]
Gold:   477        SH:  0    Dex: 16    Spells: 14/18 levels left

rFire    + . .     SeeInvis +   s - +1 short sword (speed)
rCold    + . .     Gourm    .   (no shield)
rNeg     + . .     Faith    .   g - +2 leather armour {rC+}
rPois    .         Spirit   +   (helmet restricted)
rElec    .         Reflect  .   F - +2 cloak
rCorr    .         Harm     .   (no gloves)
MR       +....                  (no boots)
Stlth    ++........             q - amulet of regeneration
HPRegen  1.03/turn              v - ring of see invisible
MPRegen  0.15/turn              E - ring of positive energy

@: no status effects
A: antennae 1, agile 1, fire resistance 1, magic resistance 1, regeneration 1,
strong 1, magic shield, flame cloud immunity
a: Receive Corpses, Renounce Religion


You were on level 9 of the Dungeon.
You worshipped Kikubaaqudgha.
Kikubaaqudgha was pleased with you.
You were hungry.

You visited 1 branch of the dungeon, and saw 9 of its levels.

You collected 477 gold pieces.

Inventory:

Hand Weapons
 r - a +1 dagger of draining
 s - a +1 short sword of speed (weapon)
Missiles
 i - 36 poisoned darts (quivered)
Armour
 g - a +2 leather armour of cold resistance (worn)
 F - a +2 cloak (worn)
Magical Staves
 u - an uncursed staff of conjuration
 J - an uncursed staff of earth
Jewellery
 q - an amulet of regeneration (around neck)
 v - a ring of see invisible (left hand)
 w - an uncursed ring of flight
 y - an uncursed ring of protection from fire
 E - a ring of positive energy (right hand)
 N - an uncursed ring of ice
Wands
 e - a wand of random effects (3)
 C - a wand of digging (5)
 I - a wand of iceblast (17)
Scrolls
 a - 4 scrolls of identify
 b - 2 scrolls of amnesia {unknown}
 h - a scroll of immolation {unknown}
 k - 5 scrolls of remove curse
 n - 2 scrolls of random uselessness {unknown}
 z - 2 scrolls of enchant armour {unknown}
 A - 5 scrolls of teleportation {unknown}
 B - a scroll of fog {unknown}
 H - a scroll of magic mapping {unknown}
 L - a scroll of blinking {unknown}
Potions
 c - a potion of brilliance {unknown}
 l - 6 potions of flight {unknown}
 m - 2 potions of mutation
 o - 2 potions of degeneration
 p - 2 potions of berserk rage {unknown}
 t - a potion of cancellation {unknown}
 D - a potion of heal wounds
 G - a potion of magic {unknown}
 K - 2 potions of curing
 M - a potion of stabbing {unknown}
Comestibles
 d - 6 chunks of flesh
 f - 18 rations


   Skills:
 + Level 7.1 Fighting
 - Level 6.0 Short Blades
 - Level 5.2 Armour
 + Level 5.3 Dodging
 - Level 0.8 Stealth
 + Level 4.7 Spellcasting
 + Level 5.7 Necromancy
 - Level 3.0 Evocations


You had 14 spell levels left.
You knew the following spells:

 Your Spells              Type           Power        Failure   Level  Hunger
a - Animate Skeleton      Necr           N/A          1%          1    None
b - Vampiric Draining     Necr           ###.......   6%          3    ###....

Your spell library contained the following spells:

 Spells                   Type           Power        Failure   Level  Hunger
 Pain                     Necr           ###.         1%          1    None
 Sublimation of Blood     Necr           ###.......   3%          2    ##.....


Dungeon Overview and Level Annotations

Branches:
Dungeon (9/15)             Temple (0/1) D:7
   Lair: D:8-11         Orc: D:9-12

Altars:
Dithmenos
Elyvilon
Fedhas
Kikubaaqudgha
Wu Jian
Xom
The Shining One

Shops:
D:7 *

Annotations:
D:3 1 runed translucent door, HawFromDerth's ghost, weakling HOBe


Innate Abilities, Weirdness & Mutations

You have a pair of small antennae on your head.
Your flesh is heat resistant. (rF+)
When hurt, damage is shared between your health and your magic reserves.
You are immune to clouds of flame.
You are agile. (Dex +2)
You are resistant to hostile enchantments. (MR+)
Your natural rate of healing is unusually fast.
Your muscles are strong. (Str +2)


Message History

The yak closely misses you.
You barely miss the yak.
The yak is almost dead.
You closely miss the yak.
The yak is almost dead.
The yak gores you.
* * * LOW HITPOINT WARNING * * *
You hit the yak but do no damage.
The yak is almost dead.
You hit the yak.
The yak is almost dead.
The yak gores you!
* * * LOW HITPOINT WARNING * * *
You barely miss the yak.
The yak is almost dead.
You hit the yak but do no damage.
The yak is almost dead.
The yak gores you!
You die...
Kikubaaqudgha rasps: "You have failed me!
Welcome... death!"

#....#### ######†##
##......# #†#
########.## ##.#
.......)..# ###..#
.......)[.# #...##
..........######'####
..........'..##.....#
..........##..'Y#.#.#
..........#####@#.#
.. ..........# #.#.#
.# ###+####### #...#
# #####


You could see a yak.

Vanquished Creatures
  Grinder (D:6)
  A wolf (D:8)
  A hornet (D:8)
  4 yaks (D:9)
  An orc warrior (D:9)
  2 sky beasts
  A necrophage (D:8)
  5 centaurs
  A bullfrog (D:9)
  5 scorpions
  A killer bee (D:7)
  4 howler monkeys
  11 crimson imps
  A bullfrog zombie (D:6)
  8 orc priests
  Crazy Yiuf (D:6)
  2 hounds
  6 jellies
  7 orc wizards
  A bullfrog skeleton (D:5)
  A centaur skeleton (D:7)
  An iguana (D:6)
  Terence (D:2)
  Natasha (thrice) (D:2)
  5 worker ants
  2 hound skeletons
  A worker ant zombie (D:6)
  Robin (D:2)
  16 adders
  A shadow imp (D:5)
  5 oozes (D:8)
  2 adder zombies
  An adder skeleton (D:4)
  3 worms
  A dart slug (D:2)
  5 leopard geckos
  31 orcs
  4 ball pythons
  3 giant cockroaches
  5 hobgoblins
  6 jackals
  2 quokkas
  8 bats
  2 frilled lizards (D:3)
  14 goblins
  A jackal skeleton (D:4)
  3 kobolds
  6 rats
198 creatures vanquished.

Vanquished Creatures (collateral kills)
  A wolf (D:8)
  Grum (D:8)
  2 orc wizards
  2 adders
  7 orcs
13 creatures vanquished.

Vanquished Creatures (others)
  A wolf (D:8)
  A centaur (D:8)
  2 killer bees (D:7)
  An orc priest (D:5)
  A worker ant (D:5)
  An adder (D:2)
  An orc (D:5)
  2 giant cockroaches (D:5)
  A quokka (D:4)
11 creatures vanquished.

Grand Total: 222 creatures vanquished

Notes
Turn   | Place    | Note
-------+----------+-------------------------------------------
     0 | D:1      | Impeuri the Demonspawn Artificer began the quest for the
                  | Orb.
     0 | D:1      | Reached XP level 1. HP: 15/15 MP: 3/3
   121 | D:1      | Reached skill level 1 in Short Blades
   589 | D:1      | Gained mutation: You have a pair of small antennae on your
                  | head. [demonic ancestry]
   589 | D:1      | Reached XP level 2. HP: 21/21 MP: 4/4
   891 | D:1      | Reached skill level 1 in Armour
  1064 | D:2      | Noticed Terence
  1107 | D:1      | Reached XP level 3. HP: 26/27 MP: 5/5
  1262 | D:2      | Killed Terence
  1262 | D:2      | Reached skill level 2 in Fighting
  1304 | D:2      | HP: 1/27 [orc priest/divine providence (12)]
  1307 | D:2      | Reached XP level 4. HP: 24/34 MP: 6/6
  1338 | D:2      | Reached XP level 5. HP: 22/40 MP: 7/7
  1416 | D:2      | Noticed Robin
  1439 | D:2      | Killed Robin
  1439 | D:2      | Reached skill level 3 in Fighting
  1510 | D:2      | Noticed Natasha
  1520 | D:2      | Killed Natasha
  2134 | D:2      | Noticed Natasha
  2143 | D:2      | Killed Natasha
  2242 | D:2      | Noticed Natasha
  2249 | D:2      | Killed Natasha
  2249 | D:2      | Gained mutation: Your flesh is heat resistant. (rF+)
                  | [demonic ancestry]
  2249 | D:2      | Reached XP level 6. HP: 25/47 MP: 8/8
  2400 | D:3      | Found a runed translucent door.
  2400 | D:3      | Noticed HawFromDerth's ghost (weakling HOBe)
  2523 | D:3      | Found a shadowy altar of Dithmenos.
  3359 | D:4      | Reached skill level 4 in Fighting
  3480 | D:4      | Gained mutation: Your natural rate of healing is unusually
                  | fast. [potion of mutation]
  3480 | D:4      | Gained mutation: You are agile. (Dex +2) [potion of
                  | mutation]
  3480 | D:4      | Gained mutation: Your muscles are strong. (Str +2) [potion
                  | of mutation]
  3480 | D:4      | Gained mutation: You are resistant to hostile enchantments.
                  | (MR+) [potion of mutation]
  3495 | D:4      | Reached XP level 7. HP: 24/54 MP: 9/9
  3844 | D:4      | Found an ancient bone altar of Kikubaaqudgha.
  3851 | D:4      | Became a worshipper of Kikubaaqudgha
  3902 | D:4      | Got a brightly glowing ring mail
  3903 | D:4      | Identified the cursed +1 ring mail of Hangman {Dex+6} (You
                  | found it on level 4 of the Dungeon)
  4051 | D:5      | Entered Level 5 of the Dungeon
  4261 | D:5      | Found a shimmering altar of Xom.
  4289 | D:5      | Reached skill level 1 in Necromancy
  4470 | D:5      | Reached skill level 1 in Spellcasting
  4506 | D:5      | Found a blossoming altar of Fedhas.
  4645 | D:6      | Gained mutation: When hurt, damage is shared between your
                  | health and your magic reserves. [demonic ancestry]
  4645 | D:6      | Reached XP level 8. HP: 28/61 MP: 10/10
  4748 | D:6      | Reached * piety under Kikubaaqudgha
  4748 | D:6      | Identified Kikubaaqudgha's Tome of Unholy Secrets
                  | (Kikubaaqudgha gifted it to you on level 6 of the Dungeon)
  4748 | D:6      | Received a gift from Kikubaaqudgha
  4754 | D:6      | Learned a level 1 spell: Animate Skeleton
  4810 | D:6      | Reached skill level 5 in Fighting
  4849 | D:6      | Found an ornate altar of the Wu Jian Council.
  4983 | D:6      | Found a runed translucent door.
  4986 | D:6      | Noticed Crazy Yiuf
  4991 | D:6      | Killed Crazy Yiuf
  5118 | D:6      | Noticed Grinder
  5154 | D:6      | Killed Grinder
  5154 | D:6      | Reached skill level 5 in Short Blades
  5426 | D:6      | Found a glowing golden altar of the Shining One.
  5974 | D:5      | Reached skill level 5 in Armour
  6467 | D:7      | Reached XP level 9. HP: 56/69 MP: 10/13
  6478 | D:7      | Found Mocuag's General Store.
  6554 | D:7      | Found a staircase to the Ecumenical Temple.
  6855 | D:7      | Found a white marble altar of Elyvilon.
  7184 | D:7      | Reached skill level 6 in Fighting
  7292 | D:8      | Reached ** piety under Kikubaaqudgha
  7762 | D:8      | Noticed Grum
  7790 | D:8      | Killed Grum
  7872 | D:8      | Found Molaong's Antique Weapon Emporium.
  7906 | D:8      | Found the +10 Black Knight's horse barding {ponderous,
                  | rPois rN+}
  8033 | D:8      | Reached skill level 5 in Necromancy
  8098 | D:8      | Reached skill level 5 in Dodging
  8410 | D:9      | Learned a level 3 spell: Vampiric Draining
  8531 | D:9      | Gained mutation: You are immune to clouds of flame.
                  | [demonic ancestry]
  8531 | D:9      | Reached XP level 10. HP: 61/77 MP: 10/16
  8556 | D:9      | Reached skill level 7 in Fighting
  8615 | D:9      | Slain by a yak

Illustrated notes

Levels and vault maps discovered:
D:1:      nicolae_arrival_memento_mori, layout_basic
D:2:      cheibrodos_pilgrimage, layout_loops_ring, first_ration, uniq_robin,
          uniq_terence, uniq_natasha
D:3:      layout_loops_corners, hellmonk_ghost_happy_afterlife,
          nrook_mini_backslash, nicolae_dithmenos_shadow_blocks
D:4:      layout_basic, lemuel_round_altar
D:5:      layout_basic, nicolae_overflow_hidden_temple, xom_confusion_cloud
D:6:      layout_basic, lemuel_doored_altar, overflow_temple_1_default,
          uniq_crazy_yiuf_cottage, uniq_grinder
D:7:      layout_basic, elyvilon_altar_3, temple_doors_e, serial_shops,
          nicolae_shop_competitors_out_of_business
D:8:      layout_loops_ring, serial_shops, nicolae_shop_behind_doors,
          hangedman_little_slice_of_home, minmay_nine_imps, uniq_grum
D:9:      layout_roguey, uniq_erolcha

Skill      XL: |  1  2  3  4  5  6  7  8  9 10 |
---------------+-------------------------------+-----
Short Blades   | 1 2 3 4 5 6 |  6.0
Armour         | 1 2 3 4 5 |  5.2
Fighting       | 2 3 4 5 6 7 |  7.1
Dodging        | 2 3 5 |  5.3
Necromancy     | 1 3 5 |  5.7
Spellcasting   | 1 2 4 |  4.7
Stealth        | |  0.8
Evocations     | |  3.0

Action                   |  1- 3 |  4- 6 |  7- 9 | 10-12 || total
-------------------------+-------+-------+-------+-------++-------
Melee: Short sword       |    70 |   292 |   920 |    72 ||  1354
       Dagger            |       |    21 |       |       ||    21
Throw: Dart              |     1 |       |       |       ||     1
 Cast: Animate Skeleton  |       |       |    15 |       ||    15
       Vampiric Draining |       |       |       |     3 ||     3
Evoke: Wand              |    13 |    19 |    35 |       ||    67
  Use: Scroll            |     2 |       |     2 |       ||     4
       Potion            |     2 |     7 |       |       ||     9
 Stab: Paralysed         |       |     1 |     8 |       ||     9
       Sleeping          |       |       |     3 |       ||     3
       Distracted        |       |       |     5 |       ||     5
  Eat: Chunk             |     1 |     7 |    17 |       ||    25
Armor: Ring mail         |    37 |    64 |     4 |       ||   105
       Leather armour    |       |       |   148 |     2 ||   150
Dodge: Dodged            |    47 |   118 |   401 |    20 ||   586
